 Dungeon Crawl Stone Soup version 0.31-a0-819-gf6de2f5ab6 (webtiles) character file.

Game seed: 5363421526048235640

35 qw the Shooter (level 3, -1/22 HPs)
             Began as a Gargoyle Hunter on Sept 23, 2023.
             Slain by an orc
             ... wielding a +0 trident
              (6 damage)
             ... on level 4 of the Dungeon.
             The game lasted 00:00:20 (1145 turns).

qw the Shooter (Gargoyle Hunter)                    Turns: 1145, Time: 00:00:21

Health: -1/22      AC:  6    Str: 14    XL:     3   Next: 35%
Magic:  3/3        EV: 11    Int:  9    God:
Gold:   71         SH:  0    Dex: 15    Spells: 2/2 levels left

rFire   . . .        Y - +0 shortbow
rCold   . . .        (shield currently unavailable)
rNeg    + . .        c - +0 leather armour
rPois   inf          (no helmet)
rElec   +            (no cloak)
rCorr   .            (no gloves)
SInv    .            (no boots)
Will    .....        (no amulet)
Stlth   +            (no ring)
HPRegen 0.23/turn    (no ring)
MPRegen 0.08/turn

%: no passive effects
@: confused
A: sickness immunity, AC +3, negative energy resistance 1, electricity
resistance, torment resistance 1, petrification resistance
a: no special abilities


You were on level 4 of the Dungeon.
You visited 1 branch of the dungeon, and saw 3 of its levels.

You collected 71 gold pieces.


Innate Abilities, Weirdness & Mutations

You are immune to sickness and miasma.
Your stone body is resilient. (AC +3)
You are immune to poison.
You resist negative energy. (rN+)
You are resistant to electric shocks. (rElec)
You are resistant to unholy torment.
You are immune to petrification.


   Skills:
 + Level 2.5 Fighting
 - Level 5.0 Ranged Weapons
 - Level 1.5 Dodging
 - Level 1.1 Stealth


You had 2 spell levels left.
You didn't know any spells.
Your spell library was empty.

Inventory:

Hand Weapons
 Y - a +0 shortbow (weapon)
Armour
 c - a +0 leather armour (worn)
Potions
 a - 3 potions of curing {unknown}
 b - 3 potions of enlightenment {unknown}
 e - a potion of lignification {unknown}
 h - a potion of haste {unknown}
 i - a potion of resistance {unknown}
 j - a potion of might {unknown}

Dungeon Overview and Level Annotations

Branches:
Dungeon (4/15)
 Temple: D:4-7

Altars:


Message History

An orc wizard comes into view. It is wielding a +0 dagger.
You shoot an arrow. The arrow hits the orc.
The orc is heavily wounded.
An orc comes into view. It is wielding a +0 club.
You shoot an arrow.
The arrow hits the orc wizard but does no damage.
You shoot an arrow.
The arrow closely misses the orc wizard.
You shoot an arrow.
The arrow hits the orc wizard but does no damage.
The orc wizard hits you with a +0 dagger.
You shoot an arrow. The arrow hits the orc wizard.
The orc wizard is heavily wounded.
The orc hits you but does no damage.
The orc wizard points at you and mumbles some strange words.
The puff of flame hits you.
You shoot an arrow.
The arrow hits the orc wizard but does no damage.
The orc wizard is heavily wounded.
The orc closely misses you.
The orc wizard points at you and mumbles some strange words.
You are confused.
The orc barely misses you.
The orc wizard points at you and mumbles some strange words.
You are more confused.
The orc hits you but does no damage.
The orc wizard hits you with a +0 dagger.
The orc barely misses you. The orc wizard barely misses you.
The orc closely misses you.
The orc wizard hits you with a +0 dagger.
The orc hits you from afar with a +0 trident.
The orc wizard barely misses you. The orc closely misses you.
The orc wizard barely misses you.
The orc hits you from afar with a +0 trident.
The orc wizard points at you and mumbles some strange words.
You are more confused.
The orc closely misses you.
The orc wizard hits you with a +0 dagger.
The orc hits you from afar with a +0 trident.
You die...

#. ... #.
#.. #. #.#
#. #.# ###.
#.# ... #.#
#.###.#
#.@...#
#o###.# ..o
#.# ##..
#.# ..# ...
#.# ..#
##>. #.#
..# ##. #.#
.. ## #.#
.#
#########.#


You could see an orc wizard and an orc.

Vanquished Creatures
  A gnoll (D:1)
  2 dart slugs (D:1)
  2 ball pythons
  5 endoplasms (D:1)
  3 goblins
  2 quokkas (D:1)
  2 bats (D:1)
  A frilled lizard (D:1)
  A kobold (D:1)
  2 rats
21 creatures vanquished.

Notes
Turn   | Place    | Note
-------+----------+-------------------------------------------
     0 | D:1      | qw the Gargoyle Hunter began the quest for the Orb.
     0 | D:1      | Reached XP level 1. HP: 12/12 MP: 1/1
     0 | D:1      | 0 ||| qw: Version: 0.3-a-83-gcd0e7d8
     0 | D:1      | 0 ||| qw: Game counter: 1479
     0 | D:1      | 0 ||| qw: Melee chars always use a shield: true
     0 | D:1      | 0 ||| qw: God list: Okawaru
     0 | D:1      | 0 ||| qw: Allow faded altars: false
     0 | D:1      | 0 ||| qw: Do Orc after clearing Dungeon:15 true
     0 | D:1      | 0 ||| qw: Do second Lair branch before Depths: true
     0 | D:1      | 0 ||| qw: Lair rune preference: random
     0 | D:1      | 0 ||| qw: Goals: Normal
     0 | D:1      | 0 ||| PLANNING D:1-11
   150 | D:1      | Reached XP level 2. HP: 17/17 MP: 2/2
   216 | D:1      | Reached XP level 3. HP: 19/21 MP: 3/3
   298 | D:1      | Reached skill level 5 in Ranged Weapons
   578 | D:1      | Found a faded altar of an unknown god.
   801 | D:1      | 801 ||| READING scroll labelled LEN HAALIU.
   802 | D:1      | 802 ||| READING scroll labelled BUTRAPT HUVOGH.
   803 | D:1      | 803 ||| READING scroll labelled PEURPH CONERCH.
   804 | D:1      | 804 ||| READING scroll labelled RUTWIR JYKOHA.
   805 | D:1      | 805 ||| READING scroll labelled LAENUR COGG.
   906 | D:1      | 906 ||| DROPPING scroll of butterflies.
  1014 | D:2      | You fall into a shaft and drop 2 floors!
  1027 | D:4      | 1027 ||| PLANNING OSSUARY
  1144 | D:4      | HP: 5/22 [orc wizard/+0 dagger (3)]
  1145 | D:4      | Slain by an orc

Levels and vault maps discovered:
D:1:      dpeg_arrival_water_temple_mockup, layout_basic,
          chequers_ecumenical_altar_simple_redux
D:2:      layout_loops_ring, uniq_robin
D:4:      layout_loops_ring, nicolae_ossuary_entry_ruins, kennysheep_dice

Skill      XL: |  1  2  3 |
---------------+----------+-----
Ranged Weapons | 5 |  5.0
Fighting       | |  2.5
Dodging        | |  1.5
Stealth        | |  1.1

Action                     || total
---------------------------++-------
   Fire: Shortbow          ||    71
    Use: Scroll            ||     5
 Armour: Leather armour    ||    18
  Dodge: Dodged            ||    19

Table legend:
 A = Non-vault XP
 B = Vault XP
 C = Vault XP percentage of total XP
 D = Non-vault monster count
 E = Vault monster count
 F = Vault count percentage of total count
                 A         B        C        D         E       F
            +---------+---------+-------+---------+---------+-------
      Total |      51 |       0 |   0.0 |      21 |       0 |   0.0
            +---------+---------+-------+---------+---------+-------
        D:1 |      45 |       0 |   0.0 |      17 |       0 |   0.0
        D:2 |       5 |       0 |   0.0 |       3 |       0 |   0.0
        D:4 |       1 |       0 |   0.0 |       1 |       0 |   0.0
            +---------+---------+-------+---------+---------+-------
